 Dungeon Crawl Stone Soup version 0.23-a0-586-gacb4b3f (webtiles) character file.

137 PigsBladder the Shooter (level 5, -3/41 HPs)
             Began as a Centaur Hunter on Dec 20, 2018.
             Was an Initiate of Okawaru.
             Killed by divine providence
             ... invoked by an orc priest
              (13 damage)
             ... on level 3 of the Dungeon.
             The game lasted 00:12:31 (3797 turns).

PigsBladder the Shooter (Centaur Hunter)            Turns: 3797, Time: 00:12:32

Health: -3/41      AC:  5    Str: 15    XL:     5   Next: 0%
Magic:  14/14      EV:  8    Int: 10    God:    Okawaru [......]
Gold:   169        SH:  0    Dex: 10    Spells: 4/4 levels left

rFire    x . .     SeeInvis .   b - +0 short sword
rCold    + . .     Gourm    .   (no shield)
rNeg     . . .     Faith    .   c - +0 leather armour
rPois    .         Spirit   .   (no helmet)
rElec    .         Reflect  .   l - +0 cloak
rCorr    .         Harm     .   (no gloves)
MR       .....                  (no barding)
Stlth    ..........             w - amulet of inaccuracy (curse)
HPRegen  0.13/turn              j - ring of magical power
MPRegen  0.14/turn              k - ring of ice (curse)

@: heavily drained, very quick
A: large, hooves 3, deformed body, speed 2, tough skin 3
a: Renounce Religion


You were on level 3 of the Dungeon.
You worshipped Okawaru.
Okawaru was noncommittal.
You were not hungry.

You visited 1 branch of the dungeon, and saw 3 of its levels.

You collected 169 gold pieces.

Inventory:

Hand Weapons
 a - a +4 shortbow
 b - a +0 short sword (weapon)
 m - a +5 short sword of holy wrath
Missiles
 d - 32 arrows
 e - 92 stones (quivered)
 n - 33 bolts
 o - 65 sling bullets
 v - 7 poisoned needles
Armour
 c - a +0 leather armour (worn)
 l - a +0 cloak (worn)
Jewellery
 j - a ring of magical power (left hand)
 k - a cursed ring of ice (right hand)
 w - a cursed amulet of inaccuracy (around neck)
Wands
 r - a wand of digging (4)
Scrolls
 p - 2 scrolls of identify
Potions
 g - a potion of flight
 i - a potion of lignification
 s - a potion of ambrosia
Comestibles
 f - 6 rations
 h - 2 chunks of flesh


   Skills:
 + Level 2.3(1.0) Fighting
 + Level 7.3(5.8) Bows
 + Level 1.7(0.4) Armour
 - Level 1.3(0.1) Dodging
 - Level 0.4(0.0) Stealth


You had 4 spell levels left.
You didn't know any spells.
Your spell library was empty.

Dungeon Overview and Level Annotations

Branches:
Dungeon (3/15)

Altars:
Cheibriados
Dithmenos
Elyvilon
Hepliaklqana
Makhleb
Nemelex Xobeh
Okawaru
Qazlal
Sif Muna
Trog
Uskayaw
Xom
The Shining One


Innate Abilities, Weirdness & Mutations

You have hooves in place of feet.
Armour fits poorly on your strangely shaped body.
You cover ground very quickly.
You have extremely tough skin. (AC +3)


Message History

Okawaru accepts your kill.
You have reached level 5!
An orc wizard comes into view. It is wielding a +0 dagger of venom.
The orc wizard shouts!
An orc priest comes into view. It is wielding a +0 flail.
An orc comes into view. It is wielding a -1 mace.
The orc priest shouts!
The orc wizard looks braver for a moment.
The orc throws a tomahawk.
The tomahawk hits you.
You see here a tomahawk.
The orc priest looks braver for a moment.
A kobold comes into view.
The orc throws a tomahawk.
The tomahawk hits you but does no damage.
The orc wizard gestures at you while chanting.
The magic dart hits you!
* * * LOW HITPOINT WARNING * * *
The orc priest mumbles some strange prayers to Beogh against you.
Beogh smites you!
You die...

##.#_)รท.._#.......#
#...
#..##8..8##...l...#
####
#...#...###.......#
#.....### #.......#
#.K.#######..)....#
#..o###......#.####
#.......(.##.#.#
.............##.#.#
.......[....@.##.#..
......o.......##.#.#
#####..o###.#.##....
#.... ..........
#...##.......... ..
#... #.##.##. #l. #.
.. .# #. #. ## # ##


You could see an orc priest, an orc wizard, an orc, a kobold (wandering) and a
frilled lizard.

Vanquished Creatures
  Jessica (D:2)
  2 adders (D:2)
  2 dart slugs
  3 leopard geckos (D:2)
  10 orcs
  3 giant cockroaches
  10 goblins
  6 hobgoblins
  8 jackals (D:1)
  2 quokkas
  A ball python (D:1)
  6 bats (D:1)
  2 frilled lizards
  8 kobolds
  A quokka skeleton (D:3)
  7 rats
72 creatures vanquished.

Vanquished Creatures (others)
  7 toadstools (D:3)
7 creatures vanquished.

Grand Total: 79 creatures vanquished

Notes
Turn   | Place    | Note
-------+----------+-------------------------------------------
     0 | D:1      | PigsBladder the Centaur Hunter began the quest for the Orb.
     0 | D:1      | Reached XP level 1. HP: 17/17 MP: 1/1
   260 | D:1      | Reached XP level 2. HP: 20/24 MP: 2/2
   267 | D:1      | Reached skill level 6 in Bows
   822 | D:1      | Reached XP level 3. HP: 29/29 MP: 3/3
  1488 | D:2      | Noticed Jessica
  1497 | D:2      | Killed Jessica
  1497 | D:2      | Reached skill level 7 in Bows
  1497 | D:2      | Reached XP level 4. HP: 24/36 MP: 4/4
  1508 | D:1      | Reached skill level 1 in Armour
  3589 | D:3      | Found a burning altar of Makhleb.
  3590 | D:3      | Found a stormy altar of Qazlal.
  3605 | D:3      | Found a hide-covered altar of Uskayaw.
  3608 | D:3      | Found a white marble altar of Elyvilon.
  3610 | D:3      | Found an iron altar of Okawaru.
  3610 | D:3      | Found a bloodstained altar of Trog.
  3610 | D:3      | Found a snail-covered altar of Cheibriados.
  3610 | D:3      | Found a hazy altar of Hepliaklqana.
  3610 | D:3      | Found a sparkling altar of Nemelex Xobeh.
  3612 | D:3      | Found a shimmering altar of Xom.
  3613 | D:3      | Found a shadowy altar of Dithmenos.
  3614 | D:3      | Found a glowing golden altar of the Shining One.
  3615 | D:3      | Found a deep blue altar of Sif Muna.
  3638 | D:3      | Became a worshipper of Warmaster Okawaru
  3768 | D:3      | Reached XP level 5. HP: 12/41 MP: 5/5
  3797 | D:3      | Killed from afar by an orc priest

Vault maps used:
D:1:      dpeg_arrival_rooms_c
D:2:      first_ration, uniq_jessica
D:3:      cheibrodos_fertilizer, minitemple, minmay_fractal_squares_gapless_5

Skill      XL: |  1  2  3  4 |
---------------+-------------+-----
Bows           | 6 7 |  7.3
Armour         | 1 |  1.7
Fighting       | |  2.3
Dodging        | |  1.3
Stealth        | |  0.4

Action                   |  1- 3 |  4- 6 || total
-------------------------+-------+-------++-------
Melee: Short sword       |   100 |   160 ||   260
       Kick              |    16 |    27 ||    43
 Fire: Shortbow          |     3 |     4 ||     7
  Use: Scroll            |       |    11 ||    11
  Eat: Chunk             |     1 |     4 ||     5
       Ration            |       |     1 ||     1
Armor: Leather armour    |    45 |    45 ||    90
Dodge: Dodged            |    46 |    59 ||   105

Table legend:
 A = Non-vault XP
 B = Vault XP
 C = Vault XP percentage of total XP
 D = Non-vault monster count
 E = Vault monster count
 F = Vault count percentage of total count
                 A         B        C        D         E       F
            +---------+---------+-------+---------+---------+-------
      Total |     159 |      37 |  18.9 |      71 |       1 |   1.4
            +---------+---------+-------+---------+---------+-------
        D:1 |      65 |       0 |   0.0 |      38 |       0 |   0.0
        D:2 |      62 |      37 |  37.4 |      20 |       1 |   4.8
        D:3 |      32 |       0 |   0.0 |      13 |       0 |   0.0
            +---------+---------+-------+---------+---------+-------
